| TOP OF THE 1ST |
|
Puerto Barrios Generals batting - Pitching for La Ceiba Manatees : RHP Antonio Atayde
|
|
Pitching: RHP Antonio Atayde
|
|
|
Batting: SHB Vince Coleman
|
0-0: Called Strike 0-1: Foul Ball, location: 2F 0-2: Strikes out swinging
|
|
Batting: LHB Andy Guerrero
|
0-0: Swinging Strike 0-1: Ball 1-1: Ball 2-1: Foul Ball, location: 2F 2-2: Strikes out looking
|
|
Batting: LHB Ty Gainey
|
0-0: Ball 1-0: Ball 2-0: Ball 3-0: Base on Balls
|
|
Batting: LHB Randy Bush
|
0-0: Called Strike 0-1: Ball 1-1: Ball 2-1: Ball 3-1: Base on Balls Ty Gainey to second
|
|
Batting: LHB Martino Martin
|
0-0: Called Strike 0-1: Ball 1-1: Reached on error, E3 (Groundball, 3, EV 87.5 MPH) Ty Gainey to third Randy Bush to second
|
|
Batting: SHB Doug Baker
|
0-0: Called Strike 0-1: Swinging Strike 0-2: Ball 1-2: Strikes out looking
|
| Top of the 1st over - 0 runs, 0 hits, 1 error, 3 left on base; Puerto Barrios 0 - La Ceiba 0 |
| BOTTOM OF THE 1ST |
|
La Ceiba Manatees batting - Pitching for Puerto Barrios Generals : RHP Bill Aguilar
|
|
Pitching: RHP Bill Aguilar
|
|
|
Batting: SHB Alex Ortiz
|
0-0: Called Strike 0-1: Ball 1-1: Ball 2-1: Ball 3-1: Base on Balls
|
|
Batting: LHB Ernesto Quevedo
|
0-0: Grounds into double play, 4-6-3 (Groundball, 4, EV 108.1 MPH)
|
|
Batting: RHB Juan Villa
|
0-0: Ball 1-0: Foul Ball, location: 2F 1-1: Foul Ball, location: 2F 1-2: Ball 2-2: Ball 3-2: SINGLE (Line Drive, 4D, EV 110.0 MPH)
|
|
Batting: LHB Al Chambers
|
0-0: Ball Juan Villa is caught stealing 2nd base 2-6
|
| Bottom of the 1st over - 0 runs, 1 hit, 0 errors, 0 left on base; Puerto Barrios 0 - La Ceiba 0 |
| TOP OF THE 2ND |
|
Puerto Barrios Generals batting - Pitching for La Ceiba Manatees : RHP Antonio Atayde
|
|
Batting: LHB Clay Hill
|
0-0: Ball 1-0: Called Strike 1-1: Fly out, F2 (Popup, 15S, EV 91.3 MPH)
|
|
Batting: RHB Mark Sproesser
|
0-0: Ball 1-0: Swinging Strike 1-1: Foul Ball, location: 2F 1-2: Strikes out swinging
|
|
Batting: LHB Alex Mata
|
0-0: Swinging Strike 0-1: Ball 1-1: Swinging Strike 1-2: Strikes out swinging
|
| Top of the 2nd over - 0 runs, 0 hits, 0 errors, 0 left on base; Puerto Barrios 0 - La Ceiba 0 |
| BOTTOM OF THE 2ND |
|
La Ceiba Manatees batting - Pitching for Puerto Barrios Generals : RHP Bill Aguilar
|
|
Batting: LHB Al Chambers
|
0-0: Ball 1-0: Called Strike 1-1: Ball 2-1: Foul Ball, location: 2F 2-2: Fly out, F5 (Popup, 5SF, EV 76.3 MPH)
|
|
Batting: RHB Bill Bathe
|
0-0: Foul Ball, location: 2F 0-1: Called Strike 0-2: Foul Ball, location: 2F 0-2: Ground out 4-3 (Groundball, 34, EV 86.3 MPH)
|
|
Batting: LHB Steve Lyons
|
0-0: Fly out, F7 (Flyball, 7S, EV 83.1 MPH)
|
| Bottom of the 2nd over - 0 runs, 0 hits, 0 errors, 0 left on base; Puerto Barrios 0 - La Ceiba 0 |
| TOP OF THE 3RD |
|
Puerto Barrios Generals batting - Pitching for La Ceiba Manatees : RHP Antonio Atayde
|
|
Batting: SHB Vince Coleman
|
0-0: Called Strike 0-1: Foul Ball, location: 2F 0-2: Ball 1-2: Strikes out swinging
|
|
Batting: LHB Andy Guerrero
|
0-0: Ball 1-0: Swinging Strike 1-1: Ball 2-1: Ball 3-1: Fly out, F6 (Flyball, 56D, EV 82.5 MPH)
|
|
Batting: LHB Ty Gainey
|
0-0: Ball 1-0: Ball 2-0: Ball 3-0: Called Strike 3-1: SINGLE (Line Drive, 6MD, EV 93.8 MPH)
|
|
Batting: LHB Randy Bush
|
0-0: Ball 1-0: Called Strike 1-1: SINGLE (Line Drive, 6MD, EV 95.6 MPH) Ty Gainey to second Runner from 2nd tries for 3rd, SAFE, no throw by CF
|
|
Batting: LHB Martino Martin
|
0-0: Ball 1-0: Ground out 6-3 (Groundball, 6M, EV 87.5 MPH)
|
| Top of the 3rd over - 0 runs, 2 hits, 0 errors, 2 left on base; Puerto Barrios 0 - La Ceiba 0 |
| BOTTOM OF THE 3RD |
|
La Ceiba Manatees batting - Pitching for Puerto Barrios Generals : RHP Bill Aguilar
|
|
Batting: LHB Van Snider
|
0-0: Called Strike 0-1: Ball 1-1: Swinging Strike 1-2: Strikes out swinging
|
|
Batting: SHB Terry Pendleton
|
0-0: Ball 1-0: Fly out, F4 (Popup, 4MD, EV 53.1 MPH)
|
|
Batting: LHB Keith Hughes
|
0-0: Foul Ball, location: 2F 0-1: Ball 1-1: Foul Ball, location: 2F 1-2: Foul Ball, location: 2F 1-2: Foul Ball, location: 2F 1-2: Ball 2-2: Ball 3-2: Ground out 5-3 (Groundball, 5, EV 85.0 MPH)
|
| Bottom of the 3rd over - 0 runs, 0 hits, 0 errors, 0 left on base; Puerto Barrios 0 - La Ceiba 0 |
| TOP OF THE 4TH |
|
Puerto Barrios Generals batting - Pitching for La Ceiba Manatees : RHP Antonio Atayde
|
|
Batting: SHB Doug Baker
|
0-0: Ball 1-0: Ball 2-0: Ground out U3 (Groundball, 34, EV 84.4 MPH)
|
|
Batting: LHB Clay Hill
|
0-0: Ball 1-0: Ground out 6-3 (Groundball, 6, EV 86.3 MPH)
|
|
Batting: RHB Mark Sproesser
|
0-0: Called Strike 0-1: Ball 1-1: Called Strike 1-2: Foul Ball, location: 2F 1-2: Ball 2-2: Strikes out looking
|
| Top of the 4th over - 0 runs, 0 hits, 0 errors, 0 left on base; Puerto Barrios 0 - La Ceiba 0 |
| BOTTOM OF THE 4TH |
|
La Ceiba Manatees batting - Pitching for Puerto Barrios Generals : RHP Bill Aguilar
|
|
Batting: SHB Alex Ortiz
|
0-0: Called Strike 0-1: Foul Ball, location: 2F 0-2: Foul Ball, location: 2F 0-2: Strikes out looking
|
|
Batting: LHB Ernesto Quevedo
|
0-0: Foul Ball, location: 2F 0-1: Foul Ball, location: 2F 0-2: Ball 1-2: Ball 2-2: Ball 3-2: Ground out 5-3 (Groundball, 56S, EV 85.6 MPH)
|
|
Batting: RHB Juan Villa
|
0-0: Ball 1-0: Foul Ball, location: 2F 1-1: Ball 2-1: Foul Ball, location: 2F 2-2: Ball 3-2: Fly out, F8 (Flyball, 78S, EV 93.1 MPH)
|
| Bottom of the 4th over - 0 runs, 0 hits, 0 errors, 0 left on base; Puerto Barrios 0 - La Ceiba 0 |
| TOP OF THE 5TH |
|
Puerto Barrios Generals batting - Pitching for La Ceiba Manatees : RHP Antonio Atayde
|
|
Batting: LHB Alex Mata
|
0-0: Ball 1-0: Fly out, F9 (Line Drive, 9, EV 90.6 MPH)
|
|
Batting: SHB Vince Coleman
|
0-0: Ball 1-0: Ball 2-0: Called Strike 2-1: Called Strike 2-2: Strikes out swinging
|
|
Batting: LHB Andy Guerrero
|
0-0: Ball 1-0: Foul Ball, location: 2F 1-1: Hit by Pitch
|
|
Batting: LHB Ty Gainey
|
0-0: Ball 1-0: Hit by Pitch Andy Guerrero to second
|
|
Batting: LHB Randy Bush
|
0-0: Ball 1-0: Swinging Strike 1-1: SINGLE (Line Drive, 56D, EV 94.4 MPH) Andy Guerrero to third Ty Gainey to second Runner from 3rd tries for Home, SAFE, throw by LF to home
|
|
Batting: LHB Martino Martin
|
0-0: Foul Ball, location: 2F 0-1: Foul Ball, location: 2F 0-2: Strikes out swinging
|
| Top of the 5th over - 1 run, 1 hit, 0 errors, 2 left on base; Puerto Barrios 1 - La Ceiba 0 |
| BOTTOM OF THE 5TH |
|
La Ceiba Manatees batting - Pitching for Puerto Barrios Generals : RHP Bill Aguilar
|
|
Batting: LHB Al Chambers
|
0-0: Ground out 4-3 (Groundball, 34D, EV 86.9 MPH)
|
|
Batting: RHB Bill Bathe
|
0-0: Called Strike 0-1: Ball 1-1: Ball 2-1: Foul Ball, location: 2F 2-2: Strikes out swinging
|
|
Batting: LHB Steve Lyons
|
0-0: Ball 1-0: Ball 2-0: Called Strike 2-1: Ball 3-1: Foul Ball, location: 2F 3-2: Base on Balls
|
|
Batting: LHB Van Snider
|
0-0: Called Strike 0-1: SINGLE (Groundball, 34D, EV 98.8 MPH) Steve Lyons to second Runner from 2nd tries for 3rd, SAFE, throw by RF made to third
|
|
Batting: SHB Terry Pendleton
|
0-0: Ball 1-0: Swinging Strike 1-1: Fly out, F7 (Flyball, 7S, EV 90.0 MPH)
|
| Bottom of the 5th over - 0 runs, 1 hit, 0 errors, 2 left on base; Puerto Barrios 1 - La Ceiba 0 |
| TOP OF THE 6TH |
|
Puerto Barrios Generals batting - Pitching for La Ceiba Manatees : RHP Antonio Atayde
|
|
Batting: SHB Doug Baker
|
0-0: Reached on error, E3 (Groundball, 3S, EV 73.1 MPH)
|
|
Batting: LHB Clay Hill
|
0-0: Ball 1-0: Fly out, F5 (Popup, 56S, EV 70.6 MPH)
|
|
Batting: RHB Mark Sproesser
|
0-0: Ball 1-0: Foul Ball, location: 2F 1-1: Ball 2-1: Called Strike 2-2: Grounds into double play, 6-4-3 (Groundball, 6, EV 93.1 MPH)
|
| Top of the 6th over - 0 runs, 0 hits, 1 error, 0 left on base; Puerto Barrios 1 - La Ceiba 0 |
| BOTTOM OF THE 6TH |
|
La Ceiba Manatees batting - Pitching for Puerto Barrios Generals : RHP Bill Aguilar
|
|
Batting: LHB Keith Hughes
|
0-0: Ball 1-0: Ball 2-0: Foul Ball, location: 2F 2-1: Ball 3-1: Fly out, F8 (Flyball, 89M, EV 83.8 MPH)
|
|
Batting: SHB Alex Ortiz
|
0-0: Foul Ball, location: 2F 0-1: Swinging Strike 0-2: Ball 1-2: Fly out, F7 (Flyball, 78D, EV 88.8 MPH)
|
|
Batting: LHB Ernesto Quevedo
|
0-0: Ball 1-0: Ground out 6-3 (Groundball, 6D, EV 98.1 MPH)
|
| Bottom of the 6th over - 0 runs, 0 hits, 0 errors, 0 left on base; Puerto Barrios 1 - La Ceiba 0 |
| TOP OF THE 7TH |
|
Puerto Barrios Generals batting - Pitching for La Ceiba Manatees : RHP Antonio Atayde
|
|
Batting: LHB Alex Mata
|
0-0: Called Strike 0-1: Fly out, F9 (Flyball, 9LS, EV 77.5 MPH)
|
|
Batting: SHB Vince Coleman
|
0-0: Called Strike 0-1: Foul Ball, location: 2F 0-2: Foul Ball, location: 2F 0-2: Ball 1-2: Ground out U3 (Groundball, 3S, EV 91.3 MPH)
|
|
Batting: LHB Andy Guerrero
|
0-0: Ground out 3-1 (Groundball, 34, EV 100.6 MPH)
|
| Top of the 7th over - 0 runs, 0 hits, 0 errors, 0 left on base; Puerto Barrios 1 - La Ceiba 0 |
| BOTTOM OF THE 7TH |
|
La Ceiba Manatees batting - Pitching for Puerto Barrios Generals : RHP Bill Aguilar
|
|
Batting: RHB Juan Villa
|
0-0: Swinging Strike 0-1: Foul Ball, location: 2F 0-2: Ball 1-2: Ground out 5-3 (Groundball, 5, EV 82.5 MPH)
|
|
Batting: LHB Al Chambers
|
0-0: SINGLE (Groundball, 25, EV 75.0 MPH) (infield hit)
|
|
Batting: RHB Bill Bathe
|
0-0: SINGLE (Groundball, 4D, EV 109.4 MPH) Al Chambers to second Runner from 2nd tries for 3rd, SAFE, no throw by CF
|
|
Batting: LHB Steve Lyons
|
0-0: Called Strike 0-1: Ball Bill Bathe is caught stealing 2nd base 2-6 1-1: Ball 2-1: Called Strike 2-2: Foul Ball, location: 2F 2-2: Foul Ball, location: 2F 2-2: Ball 3-2: SINGLE (Groundball, 6S, EV 63.8 MPH) (infield hit) Al Chambers scores
|
|
Batting: LHB Van Snider
|
0-0: Called Strike 0-1: Ball Wild Pitch! Steve Lyons to second 1-1: Ball 2-1: Ground out 4-3 (Groundball, 4M, EV 83.1 MPH)
|
| Bottom of the 7th over - 1 run, 3 hits, 0 errors, 1 left on base; Puerto Barrios 1 - La Ceiba 1 |
| TOP OF THE 8TH |
|
Puerto Barrios Generals batting - Pitching for La Ceiba Manatees : RHP Antonio Atayde
|
|
Batting: LHB Ty Gainey
|
0-0: Ball 1-0: Ball 2-0: Swinging Strike 2-1: Ball 3-1: Base on Balls
|
|
Batting: LHB Randy Bush
|
0-0: Called Strike 0-1: Foul Ball, location: 2F 0-2: Ball 1-2: Ball 2-2: Fly out, F8 (Flyball, 8RD, EV 106.9 MPH)
|
|
Batting: LHB Martino Martin
|
0-0: Ball 1-0: Foul Ball, location: 2F 1-1: Ball 2-1: DOUBLE (Groundball, 5L, EV 94.4 MPH) Ty Gainey to third Runner from 3rd tries for Home, SAFE, no throw by LF
|
|
Batting: SHB Doug Baker
|
0-0: Called Strike 0-1: Called Strike 0-2: Ball 1-2: SINGLE (Line Drive, 78M, EV 100.6 MPH) Martino Martin to third Runner from 3rd tries for Home, SAFE, throw by CF to home
|
|
Batting: LHB Clay Hill
|
0-0: Ball 1-0: Ball 2-0: Called Strike 2-1: Grounds into double play, 4-6-3 (Groundball, 4S, EV 81.9 MPH)
|
| Top of the 8th over - 2 runs, 2 hits, 0 errors, 0 left on base; Puerto Barrios 3 - La Ceiba 1 |
| BOTTOM OF THE 8TH |
|
La Ceiba Manatees batting - Pitching for Puerto Barrios Generals : RHP Bill Aguilar
|
|
Batting: SHB Terry Pendleton
|
0-0: Ball 1-0: Called Strike 1-1: Foul Ball, location: 2F 1-2: DOUBLE (Line Drive, 7LM, EV 96.9 MPH)
|
|
Batting: LHB Keith Hughes
|
0-0: Ball 1-0: Ball 2-0: Ball 3-0: Called Strike 3-1: Called Strike 3-2: Foul Ball, location: 2F 3-2: Foul Ball, location: 2F 3-2: Reached on error, E6 (Groundball, 6, EV 104.4 MPH) Terry Pendleton scores
|
|
Batting: SHB Alex Ortiz
|
0-0: Foul Ball, location: 2F 0-1: Ball 1-1: Fly out, F7 (Flyball, 7, EV 89.4 MPH)
|
|
Batting: LHB Ernesto Quevedo
|
0-0: Called Strike 0-1: Ball 1-1: Ball 2-1: DOUBLE (Flyball, 89D, EV 95.0 MPH) Keith Hughes scores
|
|
Batting: RHB Juan Villa
|
0-0: Intentional Walk
|
|
Batting: LHB Al Chambers
|
0-0: Ball 1-0: Foul Ball, location: 2F 1-1: Ball 2-1: Ball 3-1: Called Strike 3-2: Base on Balls Ernesto Quevedo to third Juan Villa to second
|
|
Batting: RHB Bill Bathe
|
0-0: SINGLE (Line Drive, 7LS, EV 91.9 MPH) Ernesto Quevedo scores Juan Villa to third Al Chambers to second Runner from 3rd tries for Home, throw by LF and OUT! 7-2
|
|
Batting: LHB Steve Lyons
|
0-0: Called Strike 0-1: Swinging Strike 0-2: Strikes out swinging
|
| Bottom of the 8th over - 3 runs, 3 hits, 1 error, 2 left on base; Puerto Barrios 3 - La Ceiba 4 |
| TOP OF THE 9TH |
|
Puerto Barrios Generals batting - Pitching for La Ceiba Manatees : RHP Antonio Atayde
|
|
Pitching: LHP Bob Ojeda
|
|
|
Batting: RHB Mark Sproesser
|
0-0: Ball 1-0: Swinging Strike 1-1: Swinging Strike 1-2: Fly out, F3 (Popup, 3S, EV 86.3 MPH)
|
|
Pinch Hitting: SHB Steven Malito
|
0-0: Ball 1-0: Foul Ball, location: 2F 1-1: Foul Ball, location: 2F 1-2: Strikes out looking
|
|
Batting: SHB Vince Coleman
|
0-0: Bunt for hit to 15 - play at first, batter OUT! 1-3
|
| Top of the 9th over - 0 runs, 0 hits, 0 errors, 0 left on base; Puerto Barrios 3 - La Ceiba 4 |
|